 Dungeon Crawl Stone Soup version 0.19.4-8-ga85b6b9 (webtiles) character file.

70 empire the Conjurer (level 4, -11/24 HPs)
             Began as a Deep Elf Conjurer on Feb 6, 2017.
             Mangled by an ogre
             ... wielding a +0 giant spiked club
              (35 damage)
             ... on level 3 of the Dungeon.
             The game lasted 00:05:27 (2403 turns).

empire the Conjurer (Deep Elf Conjurer)             Turns: 2403, Time: 00:05:29

Health: -11/24     AC:  2    Str:  6    XL:     4   Next: 3%
Magic:  7/12       EV: 13    Int: 20    God:
Gold:   217        SH:  0    Dex: 15    Spells: 3 memorised, 3 levels left

rFire  . . .     SeeInvis .     b - +0 dagger (drain)
rCold  + . .     Gourm    .     e - +0 robe
rNeg   . . .     Faith    .     (no shield)
rPois  .         Spirit   .     (no helmet)
rElec  .         Reflect  .     (no cloak)
rCorr  .         Harm     .     (no gloves)
MR     .....                    (no boots)
Stlth  ++........               (no amulet)
                                (no ring)
                                l - ring of protection from cold

@: very slightly contaminated
A: no striking features
a: no special abilities


You were on level 3 of the Dungeon.
You were not hungry.

You visited 1 branch of the dungeon, and saw 3 of its levels.

You collected 217 gold pieces.

Inventory:

Hand Weapons
 a - a +0 short sword
 b - a +0 dagger of draining (weapon)
Armour
 e - a +0 robe (worn)
Jewellery
 l - a ring of protection from cold (left hand)
Scrolls
 d - 2 scrolls of fear {unknown}
 i - 4 scrolls of noise {unknown}
 m - a scroll of fog {unknown}
 n - a scroll of magic mapping {unknown}
 o - 3 scrolls of blinking {unknown}
 q - a scroll of enchant armour {unknown}
Potions
 f - 3 potions of heal wounds
 g - a potion of agility
 p - a potion of magic
 r - a potion of mutation
 t - a potion of ambrosia
Books
 h - a book of Conjurations

   Spells                             Type                      Level
   a - Magic Dart                     Conjuration                  1
   b - Searing Ray                    Conjuration                  2
   c - Dazzling Spray                 Conjuration/Hexes            3
   d - Fulminant Prism                Conjuration/Hexes            4
   e - Iskenderun's Mystic Blast      Conjuration                  4
   f - Iskenderun's Battlesphere      Conjuration/Charms           5
Comestibles
 c - 5 bread rations
 j - 2 fruits
 k - 2 beef jerkies


   Skills:
 - Level 2.4 Dodging
 - Level 2.4 Stealth
 + Level 4.2 Spellcasting
 * Level 5.5 Conjurations
 + Level 0.6 Hexes


You had 3 spell levels left.
You knew the following spells:

 Your Spells              Type           Power        Failure   Level  Hunger
a - Magic Dart            Conj           ####         1%          1    None
b - Dazzling Spray        Conj/Hex       ###...       12%         3    ###....
c - Iskenderun's Mystic   Conj           ####....     14%         4    ####...


Dungeon Overview and Level Annotations

Branches:
Dungeon (3/15)

Altars:
Qazlal


Message History

Aim: an ogre, wielding a giant spiked club (moderately wounded)
The magic dart hits the ogre.
The ogre is moderately wounded.
Casting: Magic Dart
Confirm with . or Enter, or press ? or * to list all spells.
Aiming: Magic Dart
Press: ? - help, Shift-Dir - straight line, f/p - ogre
Aim: an ogre, wielding a giant spiked club (moderately wounded)
The magic dart hits the ogre.
The ogre is heavily wounded.
Casting: Magic Dart
Confirm with . or Enter, or press ? or * to list all spells.
Aiming: Magic Dart
Press: ? - help, Shift-Dir - straight line, f/p - ogre
Aim: an ogre, wielding a giant spiked club (heavily wounded)
The magic dart hits the ogre.
The ogre is heavily wounded.
The ogre hits you with a giant spiked club!!
Ouch! That really hurt!
You die...

.......#
#...........#
...(...#
#...........#
.......#
#...........#
.......#
#...........#
...(...#
#...........#
.......#
...[.......#
.......# #.#
.......##########O#
.......'........@.#
.......############
.......# ########


You could see an ogre.

Vanquished Creatures
  An adder (D:2)
  A worm (D:2)
  3 dart slugs
  2 leopard geckos (D:2)
  2 giant cockroaches (D:1)
  11 goblins
  2 hobgoblins (D:2)
  4 jackals (D:2)
  8 bats
  2 frilled lizards
  4 kobolds
  6 rats
46 creatures vanquished.

Notes
Turn   | Place    | Note
-------+----------+-------------------------------------------
     0 | D:1      | empire the Deep Elf Conjurer began the quest for the Orb.
     0 | D:1      | Reached XP level 1. HP: 10/10 MP: 6/6
   237 | D:1      | Reached XP level 2. HP: 15/15 MP: 4/8
   752 | D:2      | Found a stormy altar of Qazlal.
   753 | D:2      | Noticed a water elemental
   757 | D:2      | Noticed an earth elemental
   760 | D:2      | Noticed an air elemental
   760 | D:2      | Noticed a fire elemental
   802 | D:2      | Reached skill level 5 in Conjurations
   925 | D:2      | Reached XP level 3. HP: 19/19 MP: 3/10
  1158 | D:2      | Learned a level 3 spell: Dazzling Spray
  2072 | D:3      | Noticed an ogre
  2212 | D:3      | Reached XP level 4. HP: 22/24 MP: 12/12
  2218 | D:3      | Learned a level 4 spell: Iskenderun's Mystic Blast
  2403 | D:3      | Mangled by an ogre

Skill      XL: |  1  2  3 |
---------------+----------+-----
Conjurations   | 5 |  5.5
Spellcasting   | 4 |  4.2
Dodging        | |  2.4
Stealth        | |  2.4
Hexes          | |  0.6

Action                   |  1- 3 |  4- 6 || total
-------------------------+-------+-------++-------
Melee: Unarmed           |     1 |       ||     1
       Dagger            |    57 |     2 ||    59
 Cast: Magic Dart        |    72 |     8 ||    80
       Dazzling Spray    |     1 |       ||     1
  Use: Scroll            |     8 |     1 ||     9
 Stab: Sleeping          |     4 |       ||     4
  Eat: Chunk             |     4 |     1 ||     5
Armor: Robe              |    11 |     1 ||    12
Dodge: Dodged            |    50 |     4 ||    54
